 Dungeon Crawl Stone Soup version 0.29-a0-509-g793eeb5391 (webtiles) character file.

Game seed: 2797604009163857209

492 Grim the Spear-Bearer (level 6, -4/51 HPs)
             Began as a Minotaur Fighter on May 29, 2022.
             Slain by Grinder (5 damage)
             ... on level 4 of the Dungeon.
             The game lasted 00:03:41 (3299 turns).

Grim the Spear-Bearer (Minotaur Fighter)            Turns: 3299, Time: 00:03:42

Health: -4/51      AC:  6    Str: 20    XL:     6   Next: 91%
Magic:  5/5        EV:  9    Int:  7    God:
Gold:   224        SH:  4    Dex: 10    Spells: 5/5 levels left

rFire   . . .      SeeInvis .   a - +0 trident
rCold   . . .      Faith    .   c - +0 buckler
rNeg    . . .      Spirit   .   b - +0 scale mail
rPois   .          Reflect  .   (helmet restricted)
rElec   .          Harm     .   (no cloak)
rCorr   .          Rampage  .   (no gloves)
Will    .....                   (no boots)
Stlth   ..........              (no amulet)
HPRegen 0.17/turn               (no ring)
MPRegen 0.09/turn               (no ring)

@: no status effects
A: horns 2, retaliatory headbutt
a: no special abilities


You were on level 4 of the Dungeon.
You visited 1 branch of the dungeon, and saw 4 of its levels.

You collected 224 gold pieces.

Inventory:

Hand Weapons
 a - a +0 trident (weapon)
Missiles
 h - 3 boomerangs (quivered)
 k - 6 poisoned darts
 l - 4 curare-tipped darts
Armour
 b - a +0 scale mail (worn)
 c - a +0 buckler (worn)
Scrolls
 d - 4 scrolls of identify {unknown}
 e - a scroll of immolation {unknown}
 f - a scroll of teleportation {unknown}
 g - 3 scrolls of fear {unknown}
 i - 3 scrolls of vulnerability {unknown}
 n - a scroll of poison {unknown}
 p - a scroll of enchant armour {unknown}
 r - a scroll of amnesia {unknown}
 s - 2 scrolls of fog {unknown}
 u - a scroll of enchant weapon {unknown}
Potions
 j - 2 potions of curing {unknown}
 m - a potion of heal wounds {unknown}
 o - a potion of brilliance {unknown}
 q - a potion of resistance {unknown}
 t - 4 potions of attraction {unknown}


   Skills:
 - Level 3.6 Fighting
 + Level 9.1 Polearms
 - Level 3.6 Armour
 - Level 3.6 Shields


You had 5 spell levels left.
You didn't know any spells.
Your spell library contained the following spells:

 Spells                   Type           Power      Damage    Failure   Level
 Ensorcelled Hibernation  Hex/Ice        0%         N/A       95%         2
 Passwall                 Tmut/Erth      0%         N/A       95%         2
 Swiftness                Air            0%         N/A       99%         3


Dungeon Overview and Level Annotations

Branches:
Dungeon (4/15)
 Temple: D:4-7

Altars:
Cheibriados

Annotations:
D:4 1 runed translucent door, Grinder; Heedrag's ghost, novice MiFi


Innate Abilities, Weirdness & Mutations

You have a pair of horns on your head.
You reflexively headbutt those who attack you in melee.


Message History

Grinder is moderately wounded.
Grinder hits you.
You writhe in agony.
* * * LOW HITPOINT WARNING * * *
You closely miss Grinder. You headbutt Grinder.
Grinder is heavily wounded.
You puncture Grinder!
Grinder is severely wounded.
Grinder hits you.
* * * LOW HITPOINT WARNING * * *
You writhe in agony.
* * * LOW HITPOINT WARNING * * *
You hit Grinder but do no damage. Your headbutt misses Grinder.
Grinder is severely wounded.
Grinder gestures at you.
You suddenly lose the ability to move!
Grinder hits you but does no damage. Grinder hits you.
* * * LOW HITPOINT WARNING * * *
You writhe in agony.
* * * LOW HITPOINT WARNING * * *
Grinder hits you.
* * * LOW HITPOINT WARNING * * *
Grinder hits you but does no damage.
Grinder says, "Just stop there for a second..."
Grinder hits you but does no damage.
You can move again.
You barely miss Grinder. Your headbutt misses Grinder.
Grinder is severely wounded.
Grinder hits you.
* * * LOW HITPOINT WARNING * * *
You writhe in agony.
* * * LOW HITPOINT WARNING * * *
Unknown command.
You hit Grinder. Your headbutt misses Grinder.
Grinder is severely wounded.
Grinder says, "FISH!"
Grinder hits you!
* * * LOW HITPOINT WARNING * * *
You writhe in agony.
You die...

# #..#.#o #.
#..#..#
##.##5.#oo
#......#.
.....#
#.8#########
#)..ยง.....#
########5.#
#@.## #...#
#.#.# #.#.#
###.#.#
##.#.#.#
##.#..#.#
#.###.#.#
##.#.##.#...


You could see Grinder.

Vanquished Creatures
  Sigmund (D:3)
  A black bear (D:4)
  A hound (D:4)
  Terence (D:2)
  Natasha (thrice) (D:3)
  6 adders
  A worm (D:3)
  3 dart slugs
  An orc (D:3)
  An endoplasm (D:2)
  2 giant cockroaches (D:3)
  9 goblins
  5 hobgoblins
  3 jackals (D:1)
  8 quokkas
  A ball python (D:1)
  2 bats
  3 frilled lizards (D:1)
  4 kobolds
56 creatures vanquished.

Notes
Turn   | Place    | Note
-------+----------+-------------------------------------------
     0 | D:1      | Grim the Minotaur Fighter began the quest for the Orb.
     0 | D:1      | Reached XP level 1. HP: 19/19 MP: 0/0
   181 | D:1      | Reached skill level 3 in Polearms
   187 | D:1      | Reached XP level 2. HP: 22/26 MP: 1/1
   815 | D:2      | Noticed Terence
   820 | D:2      | Killed Terence
   821 | D:2      | Reached skill level 4 in Polearms
   821 | D:2      | Reached XP level 3. HP: 16/31 MP: 2/2
   981 | D:2      | Found a faded altar of an unknown god.
  1543 | D:2      | Reached skill level 5 in Polearms
  1858 | D:3      | Reached XP level 4. HP: 39/39 MP: 3/3
  1962 | D:3      | Noticed Natasha
  1970 | D:3      | Killed Natasha
  1971 | D:3      | Reached skill level 6 in Polearms
  2404 | D:3      | Noticed Natasha
  2409 | D:3      | Killed Natasha
  2410 | D:3      | Reached XP level 5. HP: 45/45 MP: 4/4
  2488 | D:3      | Found a snail-covered altar of Cheibriados.
  2488 | D:3      | Noticed Sigmund
  2507 | D:3      | Killed Sigmund
  2508 | D:3      | Reached skill level 7 in Polearms
  2508 | D:3      | Reached XP level 6. HP: 31/51 MP: 5/5
  2675 | D:3      | Reached skill level 8 in Polearms
  2858 | D:3      | Noticed Natasha
  2864 | D:3      | Killed Natasha
  3265 | D:4      | Noticed Grinder
  3273 | D:4      | Reached skill level 9 in Polearms
  3273 | D:4      | Found a runed translucent gate.
  3273 | D:4      | Noticed an orc warrior
  3273 | D:4      | Identified the +1 scale mail of Hofi {Int+4}
  3273 | D:4      | Noticed Heedrag's ghost (novice MiFi)
  3280 | D:4      | Paralysed by Grinder for 4 turns
  3292 | D:4      | Paralysed by Grinder for 5 turns
  3299 | D:4      | HP: 1/51 [Grinder (8)]
  3299 | D:4      | Slain by Grinder

Illustrated notes

Levels and vault maps discovered:
D:1:      nicolae_arrival_memento_mori, layout_loops_ring
D:2:      layout_basic, ebering_ecumenical_altar_abandoned, uniq_robin,
          uniq_terence
D:3:      layout_loops_corners, mainiacjoe_overflow_chevrons,
          kennysheep_generic_room_6, uniq_natasha, uniq_sigmund
D:4:      layout_loops_ring, biasface_ghost_orc_armoury, goddamned_bats,
          uniq_grinder

Skill      XL: |  1  2  3  4  5  6 |
---------------+-------------------+-----
Polearms       | 3 4 5 6 7 9 |  9.1
Fighting       | |  3.6
Armour         | |  3.6
Shields        | |  3.6

Action                   |  1- 3 |  4- 6 || total
-------------------------+-------+-------++-------
Melee: Trident           |    78 |    97 ||   175
       Headbutt          |    10 |    20 ||    30
  Use: Potion            |     1 |       ||     1
Armor: Scale mail        |    17 |    18 ||    35
Dodge: Dodged            |    20 |    32 ||    52
Block: Buckler           |    13 |    13 ||    26

Table legend: (Time is in decaauts)
 A = Elapsed time spent in this place.
 B = Non-inter-level travel time spent in this place.
 C = Inter-level travel time spent in this place.
 D = Time resting spent in this place.
 E = Time spent auto-exploring this place.
 F = Levels seen in this place.
 G = Mean time per level.
                   A        B        C        D        E       F      G
               +--------+--------+--------+--------+--------+-----+--------+
         Total |   3333 |   3248 |     85 |    807 |   2030 |   4 |  833.2 |
       Dungeon |   3333 |   3248 |     85 |    807 |   2030 |   4 |  833.2 |
               +--------+--------+--------+--------+--------+-----+--------+

Top non-repeatable levels by time:
     D:3: 1334 daAuts
     D:2: 900 daAuts
     D:1: 818 daAuts
     D:4: 279 daAuts
